 Dungeon Crawl Stone Soup version 0.27.1 (webtiles) character file.

Game seed: 4712485279517563780

72 shadowrider38 the Chopper (level 4, 0/41 HPs)
             Began as a Minotaur Berserker on Aug 28, 2021.
             Was a Believer of Trog.
             Succumbed to an adder's poison
             ... on level 2 of the Dungeon.
             The game lasted 00:01:18 (1570 turns).

shadowrider38 the Chopper (Minotaur Berserker)      Turns: 1570, Time: 00:01:19

Health: 0/41       AC:  2    Str: 23    XL:     4   Next: 7%
Magic:  3/3        EV: 12    Int:  4    God:    Trog [**....]
Gold:   63         SH:  0    Dex:  9    Spells: 3/3 levels left

rFire    . . .     SeeInvis .   a - +0 hand axe
rCold    . . .     Faith    .   (no shield)
rNeg     . . .     Spirit   .   b - +0 animal skin
rPois    .         Reflect  .   (helmet restricted)
rElec    .         Harm     .   (no cloak)
rCorr    .         Rampage  .   (no gloves)
Will     .....                  (no boots)
Stlth    +.........             (no amulet)
HPRegen  0.13/turn              (no ring)
MPRegen  0.08/turn              (no ring)

@: lethally poisoned (0 -> -1)
A: horns 2, retaliatory headbutt
a: Renounce Religion, Berserk, Trog's Hand


You were on level 2 of the Dungeon.
You worshipped Trog.
Trog was pleased with you.
You visited 1 branch of the dungeon, and saw 2 of its levels.

You collected 63 gold pieces.

Inventory:

Hand Weapons
 a - a +0 hand axe (weapon)
Armour
 b - a +0 animal skin (worn)
Jewellery
 h - an amulet of the acrobat
Scrolls
 d - a scroll of enchant armour {unknown}
 e - a scroll of enchant weapon {unknown}
 g - a scroll of identify {unknown}
Potions
 c - a potion of lignification {unknown}
 f - 2 potions of haste {unknown}
 i - a potion of heal wounds {unknown}


   Skills:
 + Level 4.3 Fighting
 + Level 4.3 Axes
 + Level 3.3 Armour
 + Level 3.0 Dodging


You had 3 spell levels left.
You didn't know any spells.
Your spell library was empty.

Dungeon Overview and Level Annotations

Branches:
Dungeon (2/15)

Altars:


Innate Abilities, Weirdness & Mutations

You have a pair of horns on your head.
You reflexively headbutt those who attack you in melee.


Message History

A dart slug is nearby!
A dart slug is nearby!
A dart slug is nearby!
A dart slug is nearby!
A dart slug is nearby!
A dart slug is nearby!
A dart slug is nearby!
A dart slug is nearby!
A hobgoblin comes into view.
Found a chain mail.
Found a stone staircase leading down.
The dart slug launches a dart at you. The slug dart misses you.
Found a short sword.
The dart slug launches a dart at you. The slug dart hits you.
The hobgoblin barely misses you. You furiously retaliate!
You headbutt the hobgoblin!
You kill the hobgoblin!
Trog accepts your kill. The dart slug closely misses you.
The dart slug completely misses you. You furiously retaliate!
You headbutt the dart slug! The dart slug closely misses you.
You furiously retaliate!
You headbutt the dart slug.
You kill the dart slug!
Trog accepts your kill.
Your Dodging skill increases to level 3!
Found a stone staircase leading down.
i - a brown potion A goblin comes into view.
It is wielding a +0 club.
The goblin shouts!
A goblin is nearby!
A goblin is nearby!
A goblin is nearby!
A goblin is nearby!
A goblin is nearby!
A goblin is nearby!
A goblin is nearby!
A goblin is nearby!
A goblin is nearby!
A goblin is nearby!
A goblin is nearby!
A goblin is nearby!
A goblin is nearby!
A goblin is nearby!
A goblin is nearby!
A goblin is nearby!
A goblin is nearby!
A goblin is nearby!
A goblin is nearby!
A goblin is nearby!
A goblin is nearby!
A goblin is nearby!
A goblin is nearby!
A goblin is nearby!
Unknown command.
Unknown command.
Unknown command.
Unknown command.
An adder comes into view.
The adder moves out of view.
Found 9 gold pieces and 22 stones.
The adder hisses angrily.
The adder bites you. The adder closely misses you.
The adder closely misses you. The adder closely misses you.
The adder closely misses you. The goblin misses you. The adder bites you.
You are poisoned.
The adder poisons you!
You feel sick. The goblin barely misses you. The adder bites you.
You feel sick. The adder bites you but does no damage.
A worm comes into view.
The goblin hits you with a +0 club.
You feel sick. The adder bites you. The goblin hits you but does no damage.
You feel sick.
You are no longer poisoned.
The adder barely misses you. The goblin closely misses you.
The adder bites you. The adder misses you. The goblin barely misses you.
You furiously retaliate!
You headbutt the goblin!
You kill the goblin!
Trog accepts your kill. The adder bites you.
The adder closely misses you. x2; You furiously retaliate!
You headbutt the adder, but do no damage.
The adder bites you but does no damage. The adder bites you.
The adder bites you.
You are poisoned.
The adder poisons you! The adder closely misses you. You furiously retaliate!
You headbutt the adder!
You kill the adder!
Trog accepts your kill.
You have reached level 4!
You feel stronger.
You feel sick.
You feel sick.
You feel sick. The worm bites you!
* * * LOW HITPOINT WARNING * * *
You die...

#...##.##########.#
#..g...##......#.#
######.##...........#.#
#$..........#.......#.#
#............#......#.###
#.^........#....[...#.#..
#..........##...#####...#
#.......w).............##
#.....>.@..#####...###.##
#..........# ###.......
#......)...# ###.....
#..........# #.....
############ #.....
#..... #..... #.....
######


You could see a worm.

Vanquished Creatures
  3 adders (D:2)
  A dart slug (D:2)
  5 endoplasms (D:1)
  2 giant cockroaches (D:1)
  5 hobgoblins
  11 jackals
  A ball python (D:2)
  2 bats (D:1)
  3 frilled lizards
  3 goblins
  A kobold (D:2)
  2 rats (D:1)
39 creatures vanquished.

Vanquished Creatures (others)
  10 demonic plants (D:2)
  2 fungi (D:2)
  A plant (D:2)
  2 withered plants (D:2)
15 creatures vanquished.

Grand Total: 54 creatures vanquished

Notes
Turn   | Place    | Note
-------+----------+-------------------------------------------
     0 | D:1      | shadowrider38 the Minotaur Berserker began the quest for
                  | the Orb.
     0 | D:1      | Reached XP level 1. HP: 19/19 MP: 0/0
   185 | D:1      | Reached XP level 2. HP: 22/27 MP: 1/1
   454 | D:1      | Reached ** piety under Trog
   612 | D:1      | Reached XP level 3. HP: 31/33 MP: 2/2
   950 | D:2      | Found a faded altar of an unknown god.
  1567 | D:2      | Reached XP level 4. HP: 15/41 MP: 3/3
  1569 | D:2      | HP: 1/41 [worm (11)]
  1570 | D:2      | Succumbed to an adder's poison

Illustrated notes

Levels and vault maps discovered:
D:1:      saegor_arrival_simple_a, layout_rooms
D:2:      layout_rooms, shapermc_ecumenical_altar_gd, minmay_surrounded

Skill      XL: |  1  2  3 |
---------------+----------+-----
Axes           | 4 |  4.3
Fighting       | 4 |  4.3
Armour         | 3 |  3.3
Dodging        | 3 |  3.0

Action                   |  1- 3 |  4- 6 || total
-------------------------+-------+-------++-------
Melee: Hand axe          |    60 |       ||    60
       Headbutt          |    15 |       ||    15
Armor: Animal skin       |    16 |       ||    16
Dodge: Dodged            |    79 |       ||    79
